 Dungeon Crawl Stone Soup version 0.27-a0-732-ga892ba84f6 (webtiles) character file.

Game seed: 17534452379651981190

7 leviel the Magician (level 2, 0/21 HPs)
             Began as a Djinni Venom Mage on Mar 24, 2021.
             Slain by a ball python (1 damage)
             ... on level 1 of the Dungeon.
             The game lasted 00:01:21 (203 turns).

leviel the Magician (Djinni Venom Mage)              Turns: 203, Time: 00:01:24

Health: 0/21       AC:  2    Str:  7    XL:     2   Next: 4%
Magic:  0/0        EV:  9    Int: 16    God:
Gold:   0          SH:  0    Dex: 13    Spells: 0/7 levels left

rFire    + + +     SeeInvis .   e - +0 dagger
rCold    x . .     Faith    .   (no shield)
rNeg     . . .     Spirit   .   a - +0 robe
rPois    ∞         Reflect  .   (no helmet)
rElec    .         Harm     .   (no cloak)
rCorr    .         Rampage  .   (no gloves)
Will     .....                  (boots unavailable)
Stlth    ++........             (no amulet)
HPRegen  0.07/turn              c - ring of protection from fire
MPRegen  0.00/turn              (no ring)

@: flying, constricted
A: fire resistance 2, cold vulnerability 1, float, innate caster, hp casting,
extra vitality 1
a: no special abilities


You were on level 1 of the Dungeon.
You visited 1 branch of the dungeon, and saw 2 of its levels.

Inventory:

Hand Weapons
 e - a +0 dagger (weapon)
Armour
 a - a +0 robe (worn)
Jewellery
 c - a ring of protection from fire (right hand)


   Skills:
 + Level 2.2 Dodging
 + Level 1.6 Stealth
 + Level 3.0 Spellcasting


You couldn't memorise any spells.
You knew the following spells:

 Your Spells              Type           Power      Damage    Failure   Level
a - Sting                 Tmut/Pois      48%        1d5       5%          1
b - Poisonous Vapours     Pois/Air       24%        N/A       8%          2
c - Mephitic Cloud        Conj/Pois/Air  12%        N/A       16%         3
d - Ignite Poison         Fire/Tmut/Pois 12%        N/A       16%         3
e - Olgreb's Toxic Radia  Pois           12%        N/A       45%         4
Your spell library was empty.

Dungeon Overview and Level Annotations

Branches:
Dungeon (2/15)

Altars:


Innate Abilities, Weirdness & Mutations

You are immune to poison.
Your flesh is very heat resistant. (rF++)
You are vulnerable to cold. (rC-)
You float through the air rather than walking.
You learn spells naturally, not from books.
Your magical power is your life essence.
You have superior vitality. (+4 HP)


Message History

A rat comes into view.
It was a potion of curing.
You feel better. The ooze barely misses you. The hobgoblin barely misses you.
The ooze hits you.
There is a stone staircase leading down here.
The ball python barely misses you. The ball python closely misses you.
The ooze jiggles.
The ooze jiggles.
There is a stone staircase leading up here.
The ball python closely misses you. The ball python grabs you.
You stop ascending the stairs.
The ball python constricts you. The ooze freezes you.
You are frozen.
Unknown command.
You escape the ball python's grasp.
The ooze barely misses you. The ball python closely misses you.
The ball python grabs you.
You stop ascending the stairs.
The ball python constricts you.
You escape the ball python's grasp.
The hobgoblin barely misses you. The ooze freezes you.
You are frozen.
* * * LOW HITPOINT WARNING * * *
The ball python closely misses you. The ball python grabs you.
You stop ascending the stairs.
The ball python constricts you.
You escape the ball python's grasp.
The hobgoblin barely misses you. The ooze freezes you.
You are frozen.
* * * LOW HITPOINT WARNING * * *
You fly upwards.
There is a stone staircase leading down here.
You are too injured to fight recklessly!
You barely miss the ball python. The ball python closely misses you.
The ball python grabs you. The ball python constricts you. The ooze hits you.
* * * LOW HITPOINT WARNING * * *
You hit the ball python.
The ball python is moderately wounded.
The ball python bites you.
* * * LOW HITPOINT WARNING * * *
The ball python constricts you. The ooze hits you but does no damage.
The ball python bites you but does no damage.
You die...

+.......'.
# #...####
#.⌠.# #
#... # .#
#### #.
###. ## ..
#..
######.#
###.#S#
..##......
#..gJ@#
.....)...
#.#####
...g....#
#.#####
#....†.
#######


You could see an ooze, a hobgoblin and a ball python.

Vanquished Creatures
  2 goblins
  A kobold (D:1)
  An ooze (D:2)
  A ball python (D:1)
  A bat (D:1)
  A frilled lizard (D:2)
  A rat (D:1)
8 creatures vanquished.

Notes
Turn   | Place    | Note
-------+----------+-------------------------------------------
     0 | D:1      | leviel the Djinni Venom Mage began the quest for the Orb.
     0 | D:1      | Reached XP level 1. HP: 15/15 MP: 0/0
   142 | D:1      | You are sucked into a shaft and drop 1 floor!
   149 | D:2      | Reached skill level 3 in Spellcasting
   157 | D:2      | Reached XP level 2. HP: 3/21 MP: 0/0
   203 | D:1      | HP: 1/21 [ball python (1)]
   203 | D:1      | Slain by a ball python

Illustrated notes

Levels and vault maps discovered:
D:1:      sevenhm_arrival_forest_fort_small_1, layout_loops_ring, serial_glass,
          glass_columns_b, glass_columns_a, minmay_misc_feat_nine_boxes,
          hangedman_decor_push
D:2:      layout_rooms, general_overflow_altar, lemuel_another_geyser

Skill      XL: |  1 |
---------------+----+-----
Spellcasting   | 3 |  3.0
Dodging        | |  2.2
Stealth        | |  1.6

Action                   || total
-------------------------++-------
Melee: Dagger            ||     2
 Cast: Sting             ||     9
  Use: Potion            ||     2
Armor: Robe              ||     3
Dodge: Dodged            ||    14

Table legend: (Time is in decaauts)
 A = Elapsed time spent in this place.
 B = Non-inter-level travel time spent in this place.
 C = Inter-level travel time spent in this place.
 D = Time resting spent in this place.
 E = Time spent auto-exploring this place.
 F = Levels seen in this place.
 G = Mean time per level.
                   A        B        C        D        E       F      G
               +--------+--------+--------+--------+--------+-----+--------+
         Total |    202 |    202 |      0 |      0 |     91 |   2 |  101.0 |
       Dungeon |    202 |    202 |      0 |      0 |     91 |   2 |  101.0 |
               +--------+--------+--------+--------+--------+-----+--------+

Top non-repeatable levels by time:
     D:1: 143 daAuts
     D:2: 58 daAuts
